 Dungeon Crawl Stone Soup version 0.18-a0-1267-gff090c1 (webtiles) character file.

344355 nuthulu the Slayer (level 22, -3/155 HPs)
             Began as a Gargoyle Fighter on Feb 6, 2016.
             Was a High Priest of Okawaru.
             Killed by the air
             ... invoked by a blizzard demon
              (27 damage)
             ... on level 4 of the Abyss on Feb 7, 2016.
             The game lasted 01:33:28 (39779 turns).

nuthulu the Slayer (Gargoyle Fighter)              Turns: 39779, Time: 01:33:28

Health: -3/155     AC: 60    Str: 27    XL:     22   Next: 7%
Magic:  0/28       EV:  9    Int:  9    God:    Okawaru [*****.]
Gold:   812        SH: 20    Dex: 19    Spells: 0 memorised, 21 levels left

rFire  + . .     SeeInvis .     p - +7 flail "Wannurr" {crush, Str+4}
rCold  . . .     Gourm    .     U - +4 plate armour {MR+}
rNeg   + . .     Faith    .     c - +5 shield
rPois  ∞         Spirit   +     b - +1 helmet "Faijabut" {rF+ rCorr}
rElec  +         Dismiss  .     R - +2 cloak {MR+}
rCorr  +         Reflect  .     Z - +2 pair of gloves {Dex+3}
SustAt .         Harm     .     B - +2 pair of boots
MR     +++..                    E - amulet of guardian spirit
Stlth  ..........               K - +5 ring of slaying
                                D - +5 ring of protection

@: flying, extremely resistant to hostile enchantments, extremely unstealthy
A: big wings, negative energy resistance 1, electricity resistance, unbreathing,
petrification resistance, rot immunity, AC +16
a: Stop Flying, Heroism, Finesse, Renounce Religion
}: 2/15 runes: serpentine, barnacled


You were on level 4 of the Abyss.
You worshipped Okawaru.
Okawaru was extremely pleased with you.
You were not hungry.

You visited 7 branches of the dungeon, and saw 35 of its levels.
You visited the Abyss 1 time.
You also visited: Labyrinth and Bailey.

You collected 3307 gold pieces.
You spent 2495 gold pieces at shops.

Inventory:

Hand Weapons
 p - the +7 flail "Wannurr" (weapon) {crush, Str+4}
   (Okawaru gifted it to you on level 7 of the Lair of Beasts)

   It inflicts extra damage upon your enemies.
   It affects your strength (+4).
 H - the +6 whip "Ipturch" {speed, *Contam rElec rF+++ Str+4}
   (You found it on level 5 of the Dungeon)

   Attacks with this weapon are significantly faster.
   It affects your strength (+4).
   It renders you almost immune to fire.
   It insulates you from electricity.
   It causes magical contamination when unequipped.
 L - a +8 flail of crushing
Missiles
 T - 16 throwing nets (quivered)
Armour
 b - the +1 helmet "Faijabut" (worn) {rF+ rCorr}
   (You found it on level 1 of the Snake Pit)

   It protects you from fire.
   It protects you from acid and corrosion.
 c - a +5 shield (worn)
 B - a +2 pair of boots (worn)
 N - the +0 cloak of Prudence {rC+ Dex+4}
   (Okawaru gifted it to you on level 1 of the Snake Pit)

   It affects your dexterity (+4).
   It protects you from cold.
 R - a +2 cloak of magic resistance (worn)
 U - a +4 plate armour of magic resistance (worn)
 Z - a +2 pair of gloves of dexterity (worn)
Jewellery
 i - an uncursed ring of resist corrosion
 j - a +3 ring of evasion
 u - an uncursed amulet of dismissal
 v - an uncursed ring of see invisible
 w - an uncursed ring of sustain attributes
 A - a +5 ring of dexterity
 D - a +5 ring of protection (left hand)
 E - an amulet of guardian spirit (around neck)
 I - an uncursed amulet of the gourmand
 J - a +3 ring of strength
 K - a +5 ring of slaying (right hand)
 Y - an uncursed ring of protection from magic
Wands
 q - a wand of heal wounds (6/9)
 Q - a wand of digging (20/24)
Scrolls
 a - 8 scrolls of teleportation
 l - 9 scrolls of identify
 o - a scroll of silence
 s - 11 scrolls of remove curse
 y - a scroll of recharging
 z - 6 scrolls of blinking
 P - 7 scrolls of fear
 V - 3 scrolls of fog
 W - 5 scrolls of magic mapping
Potions
 d - 6 potions of lignification
 e - 2 potions of cancellation
 h - 8 potions of heal wounds
 m - 6 potions of haste
 n - 8 potions of curing
 r - 5 potions of agility
 t - 2 potions of invisibility
 x - 2 potions of mutation
 F - a potion of berserk rage
 M - a potion of resistance
 O - 6 potions of brilliance
 S - 2 potions of might
Comestibles
 f - 21 bread rations
 g - 12 beef jerkies
 k - 5 slices of pizza
 C - 9 meat rations
 G - 47 fruits


   Skills:
 + Level 21.6 Fighting
 - Level 14.6 Maces & Flails
 + Level 21.5 Armour
 - Level 15.6 Shields
 - Level 8.0 Invocations
 - Level 1.0 Evocations


You had 21 spell levels left.
You didn't know any spells.

Dungeon Overview and Level Annotations

Branches:
Dungeon (15/15)            Temple (1/1) D:7            Lair (8/8) D:8
 Shoals (4/4) Lair:6        Snake (4/4) Lair:6        Slime (0/6) Lair:7
    Orc (2/2) D:9             Elf (0/3) Orc:2        Vaults (1/5) D:13
 Depths (0/5) D:15

Altars:
Ashenzari
Cheibriados
Dithmenos
Elyvilon
Fedhas
Gozag
Kikubaaqudgha
Makhleb
Nemelex Xobeh
Okawaru
Pakellas
Qazlal
Ru
Sif Muna
Trog
Vehumet
Xom
Yredelemnul
Zin
The Shining One

Shops:
D:9 *   D:12 *   Orc:1 **   Orc:2 [(:*   Snake:2 ?(:(

Annotations:
Lair:5 exclusion: oklob plant


Innate Abilities, Weirdness & Mutations

You are resistant to torment.
Your stone body is resilient (AC +16).
You are immune to poison.
Your large and strong wings let you fly indefinitely.
You resist negative energy.
You are resistant to electric shocks.
You can survive without breathing.
You are immune to petrification.
You are immune to rotting.


Message History

* * * LOW HITPOINT WARNING * * *
You sock the blizzard demon!
The blizzard demon is lightly wounded.
The blizzard demon waves its arms in wide circles.
The air twists around and violently strikes you in flight!
You sock the blizzard demon!
The blizzard demon is moderately wounded.
You closely miss the blizzard demon.
The blizzard demon is moderately wounded.
The blizzard demon hits you.
* * * LOW HITPOINT WARNING * * *
You block the blizzard demon's attack.
You hit the blizzard demon.
The blizzard demon is heavily wounded.
The blizzard demon closely misses you. You block the blizzard demon's attack.
You bludgeon the blizzard demon!!
The blizzard demon is severely wounded.
The blizzard demon waves its arms in wide circles.
The air twists around and violently strikes you in flight!
You die...

. .# .#. .# .
.#...# .# ..
......... ..... .
..### #. ...
.#..#. #.
#.###...#.. #.
.....#...#
#####.#.!...##
####.#2@.........
#......##...##.#
.#..#.##......#
#.... .....##...
....##.... .# .#
..#.## #..#...#
...# ###......
... #.#.. ..
#.#.#


You could see a blizzard demon.

Vanquished Creatures
  Nikola (Shoals:4)
  2 bone dragons (Abyss:2)
  Polyphemus (Shoals:2)
  A tentacled starspawn (Abyss:2)
  Gastronok (D:8)
  A storm dragon (Vaults:1)
  Donald (Snake:1)
  8 greater nagas
  3 orc warlords
  Ilsuiw (Shoals:3)
  Aizul (Snake:1)
  3 vault wardens (Vaults:1)
  Louise (D:15)
  An ironheart preserver (Vaults:1)
  A white draconian (Abyss:2)
  A deep elf annihilator (Vaults:1)
  Nessos (Lair:7)
  7 merfolk javelineers
  An ettin (D:15)
  8 vault guards (D:13)
  A minotaur (Lab)
  6 merfolk impalers
  An ogre mage (D:15)
  4 catoblepae
  9 hydras
  7 anacondas
  2 centaur warriors
  3 alligator snapping turtles
  Erica (D:10)
  A merfolk avatar (Shoals:3)
  10 naga warriors
  6 merfolk aquamancers
  2 death knights
  7 satyrs
  A queen ant (D:9)
  5 tengu warriors (D:15)
  22 death yaks
  Urug (Lair:2)
  17 naga sharpshooters
  3 orc high priests (Orc:2)
  5 shock serpents
  The ghost of namelastname112 the Fighter, a novice DrWn of Gozag (D:8)
  Nergalle (Lair:3)
  3 deep elf knights (Vaults:1)
  A fire crab (Vaults:1)
  4 hell hogs (Abyss:2)
  A hell knight (D:15)
  2 salamander mystics
  A skeletal warrior (D:15)
  2 spatial maelstroms
  4 unseen horrors
  A flayed ghost (D:9)
  15 sea snakes
  8 naga ritualists
  7 hill giants
  4 ironbrand convokers (Vaults:1)
  3 deep elf archers (Vaults:1)
  3 phantasmal warriors
  2 lindwurms (Vaults:1)
  3 orc knights
  Pikel (D:6)
  6 mana vipers
  3 wizards (Vaults:1)
  An oklob plant (Lair:2)
  A harpy (Shoals:4)
  7 orc sorcerers
  4 ugly things
  5 deep elf magi (Vaults:1)
  19 griffons
  10 salamanders
  10 manticores
  5 cyclopes
  9 water nymphs
  27 fauns
  37 black mambas
  6 sirens
  A guardian serpent (Snake:4)
  17 elephants
  15 spiny frogs
  2 molten gargoyles (Vaults:1)
  A torpor snail (Lair:8)
  3 centaur zombies
  An orange demon (Abyss:2)
  4 vault sentinels (Vaults:1)
  24 naga magi
  2 smoke demons (Abyss:2)
  2 gargoyles
  8 komodo dragons
  A hellion (Abyss:2)
  A freezing wraith (Vaults:1)
  3 yaktaurs
  3 fire drakes
  A tengu conjurer (D:13)
  3 hellwings (Abyss:2)
  3 ancient zymes
  5 two-headed ogres
  16 blink frogs
  36 merfolk
  A polar bear (Lair:6)
  3 wind drakes
  5 trolls
  6 snapping turtles
  3 raiju (Abyss:2)
  9 slime creatures
  3 boulder beetles
  Prince Ribbit (D:7)
  Sigmund (D:3)
  13 water elementals
  2 shadows
  9 wraiths
  2 vampires
  2 ynoxinuls (Abyss:2)
  57 yaks
  3 fire bats (D:9)
  A fire elemental (Vaults:1)
  A hippogriff (shapeshifter) (D:15)
  8 basilisks
  18 hippogriffs
  Grum (D:8)
  2 vampire mosquitoes (D:15)
  22 wolves
  A steam dragon (D:11)
  4 hungry ghosts
  A mottled dragon (D:14)
  3 wargs
  A spatial vortex (Abyss:3)
  37 nagas
  4 hell hounds (Abyss:2)
  Duvessa (D:5)
  6 soldier ants (D:9)
  3 large abominations
  12 porcupines
  3 small abominations
  13 water moccasins
  51 orc warriors
  4 ice beasts
  3 eyes of draining
  2 sky beasts
  2 black bears
  6 phantoms
  8 ogres
  A wasp (D:13)
  16 centaurs
  14 crocodiles
  A big kobold (D:7)
  15 giant frogs
  Dowan (D:5)
  A wyvern skeleton (D:12)
  3 scorpions
  8 killer bees
  18 wights
  3 electric eels
  6 crimson imps
  A lava snake (Vaults:1)
  2 giant frog zombies
  18 starcursed masses
  4 hounds
  4 jellies
  14 orc priests
  3 quasits
  Crazy Yiuf (D:7)
  A gnoll shaman (D:10)
  15 orc wizards
  5 centaur skeletons
  A giant frog skeleton (D:9)
  11 iguanas
  Terence (D:2)
  31 worker ants
  12 sheep
  8 ogre zombies (D:9)
  A hound zombie (D:9)
  2 worker ant zombies
  21 gnolls
  75 river rats
  13 adders
  2 shadow imps
  An ufetubus (Abyss:2)
  2 oozes
  2 adder skeletons (D:7)
  5 worms
  6 giant geckos
  81 orcs
  2 giant cockroaches
  26 goblins
  26 hobgoblins
  19 jackals
  8 quokkas
  A ball python (D:2)
  12 bats
  12 giant newts
  A goblin skeleton (D:9)
  2 goblin zombies (D:9)
  2 hobgoblin skeletons (D:9)
  A hobgoblin zombie (D:9)
  A jackal skeleton (D:4)
  14 kobolds
  3 orc skeletons (D:9)
  16 orc zombies (D:9)
  3 rats
  3 plants (Shoals:4)
  A starspawn tentacle (Abyss:2)
1449 creatures vanquished.

Vanquished Creatures (others)
  A naga ritualist (Snake:4)
  A wizard (Vaults:1)
  A freezing wraith (Vaults:1)
  A fire elemental (Vaults:1)
  A phantom (D:6)
  A slave (D:6)
  An adder (D:4)
  3 orcs
  A jackal (D:11)
  A ball python (D:4)
  14 fungi
  19 plants
  29 starspawn tentacles (Abyss:2)
  650 starspawn tentacle segments (Abyss:2)
724 creatures vanquished.

Grand Total: 2173 creatures vanquished

Notes
Turn   | Place    | Note
--------------------------------------------------------------
     0 | D:1      | nuthulu the Gargoyle Fighter began the quest for the Orb.
     0 | D:1      | Reached XP level 1. HP: 14/14 MP: 1/1
   475 | D:1      | Reached XP level 2. HP: 19/19 MP: 2/2
  1137 | D:1      | Reached skill level 4 in Fighting
  1137 | D:1      | Reached XP level 3. HP: 8/24 MP: 3/3
  1523 | D:2      | Found a snail-covered altar of Cheibriados.
  1750 | D:2      | Reached XP level 4. HP: 28/30 MP: 4/4
  1801 | D:2      | Found a blossoming altar of Fedhas.
  1946 | D:2      | Found a shadowy altar of Dithmenos.
  1961 | D:2      | Noticed Terence
  1979 | D:2      | Killed Terence
  2153 | D:3      | Noticed Sigmund
  2184 | D:3      | Killed Sigmund
  2184 | D:3      | Reached skill level 5 in Fighting
  2184 | D:3      | Reached XP level 5. HP: 27/36 MP: 5/5
  2184 | D:3      | Reached XP level 6. HP: 30/41 MP: 6/6
  2320 | D:3      | Found a glowing silver altar of Zin.
  2557 | D:3      | Reached skill level 6 in Fighting
  2997 | D:4      | Reached skill level 5 in Maces & Flails
  3079 | D:4      | Found a shimmering altar of Xom.
  3127 | D:4      | Reached XP level 7. HP: 47/47 MP: 7/7
  3742 | D:4      | Reached skill level 7 in Fighting
  3911 | D:5      | Entered Level 5 of the Dungeon
  4286 | D:5      | Noticed Dowan
  4288 | D:5      | Noticed Duvessa
  4306 | D:5      | Killed Duvessa
  4308 | D:5      | Killed Dowan
  4308 | D:5      | Reached XP level 8. HP: 46/54 MP: 8/8
  4635 | D:5      | Got a fine whip
  4644 | D:5      | Identified the +6 whip "Ipturch" {speed, *Contam rElec rF+++ Str+4} (You found it on level 5 of the Dungeon)
  4701 | D:5      | Reached skill level 8 in Fighting
  4968 | D:6      | Gained mutation: You regenerate slowly when monsters are visible. [mutagenic glow]
  4989 | D:6      | Noticed Pikel
  5024 | D:6      | Killed Pikel
  5024 | D:6      | Reached skill level 9 in Fighting
  5092 | D:6      | Found a bloodstained altar of Trog.
  5110 | D:6      | Found an ancient bone altar of Kikubaaqudgha.
  5134 | D:6      | Reached XP level 9. HP: 61/61 MP: 9/9
  5162 | D:6      | Found a sparkling altar of Nemelex Xobeh.
  5405 | D:6      | Found a white marble altar of Elyvilon.
  5874 | D:6      | Found a glowing golden altar of the Shining One.
  6021 | D:7      | Found a staircase to the Ecumenical Temple.
  6151 | D:7      | Reached skill level 10 in Fighting
  6582 | D:7      | Noticed Crazy Yiuf
  6588 | D:7      | Killed Crazy Yiuf
  6705 | D:7      | Noticed Prince Ribbit
  6713 | D:7      | Killed Prince Ribbit
  6885 | D:8      | Noticed Grum
  6998 | Temple   | Entered the Ecumenical Temple
  7027 | Temple   | Became a worshipper of Warmaster Okawaru
  7071 | D:8      | Noticed Gastronok
  7379 | D:8      | Reached skill level 11 in Fighting
  7399 | D:8      | Killed Gastronok
  7399 | D:8      | Reached * piety under Okawaru
  7399 | D:8      | Reached ** piety under Okawaru
  7399 | D:8      | Reached skill level 10 in Maces & Flails
  7399 | D:8      | Reached XP level 10. HP: 46/71 MP: 10/10
  7520 | D:8      | Found a staircase to the Lair.
  7568 | D:8      | Noticed namelastname112's ghost (novice DrWn)
  7597 | D:8      | Killed namelastname112's ghost
  7597 | D:8      | Reached skill level 12 in Fighting
  7609 | D:8      | Found a radiant altar of Vehumet.
  7622 | D:8      | Found a stormy altar of Qazlal.
  7622 | D:8      | Found a blossoming altar of Fedhas.
  7622 | D:8      | Found a shimmering altar of Xom.
  7736 | D:8      | Killed Grum
  8063 | D:9      | Found Pantose's Assorted Antiques.
  8069 | D:9      | Found a sacrificial altar of Ru.
  8091 | D:9      | Reached *** piety under Okawaru
  8123 | D:9      | Found a staircase to the Orcish Mines.
  8193 | D:9      | Reached XP level 11. HP: 72/76 MP: 11/11
  8251 | D:9      | Bought a scroll of enchant weapon for 247 gold pieces
  8276 | D:9      | Found a white marble altar of Elyvilon.
  8336 | D:9      | Found a runed door.
  8343 | D:9      | Found a radiant altar of Vehumet.
  8364 | D:9      | Noticed a flayed ghost
  8377 | D:9      | Killed a flayed ghost
  8377 | D:9      | Reached skill level 13 in Fighting
  8556 | D:9      | Found a basalt altar of Yredelemnul.
  8634 | D:9      | Reached **** piety under Okawaru
  8657 | D:9      | Found a burning altar of Makhleb.
  8716 | D:9      | Found a deep blue altar of Sif Muna.
  8785 | D:9      | Found a shimmering altar of Xom.
  8929 | D:9      | Noticed a hill giant
  8943 | D:9      | Killed a hill giant
  9197 | D:9      | Reached ***** piety under Okawaru
  9283 | D:9      | Noticed a queen ant
  9292 | D:9      | Killed a queen ant
  9292 | D:9      | Reached skill level 14 in Fighting
  9586 | D:10     | Entered Level 10 of the Dungeon
  9615 | D:10     | Noticed Erica
  9624 | D:10     | Killed Erica
 10211 | Lair:1   | Entered Level 1 of the Lair of Beasts
 10265 | Lair:1   | Noticed a griffon
 10270 | Lair:1   | Killed a griffon
 10270 | Lair:1   | Received a gift from Okawaru
 10270 | Lair:1   | Reached XP level 12. HP: 72/86 MP: 9/12
 11801 | Lair:2   | Noticed Urug
 11814 | Lair:2   | Killed Urug
 11870 | Lair:2   | Reached skill level 15 in Fighting
 12073 | Lair:3   | Noticed Nergalle
 12085 | Lair:3   | Killed Nergalle
 12214 | Lair:3   | Received a gift from Okawaru
 12321 | Lair:3   | Found a labyrinth entrance.
 12330 | Lab      | Entered a labyrinth
 12614 | Lab      | Noticed a minotaur
 12633 | Lab      | Killed a minotaur
 12977 | Lair:3   | Noticed a seven-headed hydra
 12985 | Lair:3   | Killed a seven-headed hydra
 13077 | Lair:3   | Reached skill level 16 in Fighting
 13082 | Lair:3   | Reached XP level 13. HP: 73/93 MP: 10/13
 13423 | Lair:4   | Reached skill level 1 in Evocations
 13470 | Lair:4   | Reached skill level 1 in Invocations
 13763 | Lair:4   | Reached skill level 5 in Armour
 13904 | Lair:4   | Reached skill level 5 in Shields
 14498 | Lair:5   | Reached ****** piety under Okawaru
 14519 | Lair:5   | Found a glowing golden altar of the Shining One.
 14839 | Lair:5   | Received a gift from Okawaru
 15280 | Lair:6   | Received a gift from Okawaru
 15303 | Lair:6   | Reached skill level 5 in Invocations
 15373 | Lair:6   | Found a staircase to the Snake Pit.
 15487 | Lair:6   | Found a staircase to the Shoals.
 15995 | Lair:7   | Noticed Nessos
 16028 | Lair:7   | Gained mutation: Your large and strong wings let you fly indefinitely. [Gargoyle growth]
 16028 | Lair:7   | Reached XP level 14. HP: 69/100 MP: 12/18
 16044 | Lair:7   | Killed Nessos
 16056 | Lair:7   | Received a gift from Okawaru
 16076 | Lair:7   | Got an ivory flail {god gift}
 16077 | Lair:7   | Identified the +7 flail "Wannurr" {crush, Str+4} (Okawaru gifted it to you on level 7 of the Lair of Beasts)
 16619 | Lair:7   | Found a staircase to the Slime Pits.
 17223 | Lair:8   | Entered Level 8 of the Lair of Beasts
 17467 | Lair:8   | Received a gift from Okawaru
 17591 | Lair:8   | Reached skill level 10 in Armour
 17591 | Lair:8   | Reached skill level 10 in Shields
 17905 | Lair:8   | Received a gift from Okawaru
 18131 | Lair:8   | Reached XP level 15. HP: 104/104 MP: 21/21
 19570 | Orc:1    | Entered Level 1 of the Orcish Mines
 19643 | Orc:1    | Found a flagged portal.
 19659 | Bailey   | Entered a bailey
 20045 | Bailey   | Lost mutation: You regenerate slowly when monsters are visible. [potion of cure mutation]
 20161 | Bailey   | Noticed an orc warlord
 20188 | Bailey   | Killed an orc warlord
 20392 | Orc:1    | Found Aloel's General Store.
 20400 | Orc:1    | Bought a scroll of identify for 22 gold pieces
 20401 | Orc:1    | Gained mutation: You possess an exceptional clarity of mind. [potion of beneficial mutation]
 20534 | Orc:1    | Found Eibras's Eclectic Emporium.
 20543 | Orc:1    | Bought a scroll of enchant armour for 75 gold pieces
 20544 | Orc:1    | Bought a potion of experience for 500 gold pieces
 20544 | Orc:1    | Reached XP level 16. HP: 110/110 MP: 22/22
 20545 | Orc:1    | Reached XP level 17. HP: 115/115 MP: 23/23
 20649 | Orc:1    | Bought a potion of experience for 500 gold pieces
 20649 | Orc:1    | Reached XP level 18. HP: 120/120 MP: 24/24
 20667 | Orc:2    | Entered Level 2 of the Orcish Mines
 20751 | Orc:2    | Found Honadgh's General Store.
 20864 | Orc:2    | Found Sisupiomn's Book Shoppe.
 20999 | Orc:2    | Found a staircase to the Elven Halls.
 21061 | Orc:2    | Found Hepunaojidgh's Antique Weapon Boutique.
 21117 | Orc:2    | Found an iron altar of Okawaru.
 21483 | Orc:2    | Found Cifat's Antique Armour Boutique.
 21503 | Orc:2    | Bought a crude helmet for 304 gold pieces
 21578 | Orc:2    | Identified the +2 helmet "Iplin" {*Corrode Str+6} (You bought it in a shop on level 2 of the Orcish Mines)
 22213 | Snake:1  | Entered Level 1 of the Snake Pit
 22438 | Snake:1  | Noticed Donald
 22509 | Snake:1  | Killed Donald
 22509 | Snake:1  | Reached skill level 15 in Armour
 22509 | Snake:1  | Reached skill level 15 in Shields
 22738 | Snake:1  | Noticed Aizul
 22758 | Snake:1  | Killed Aizul
 22923 | Snake:1  | Got a polished helmet
 23104 | Snake:2  | Identified the +1 helmet "Faijabut" {rF+ rCorr} (You found it on level 1 of the Snake Pit)
 23163 | Snake:2  | Found Gank's Weapon Shoppe.
 23200 | Snake:2  | Received a gift from Okawaru
 23272 | Snake:2  | Found Zoddy's Magic Scroll Emporium.
 23297 | Snake:2  | Reached XP level 19. HP: 118/125 MP: 20/25
 23323 | Snake:2  | Bought a scroll of enchant armour for 97 gold pieces
 23689 | Snake:2  | Found Mushre's Book Shoppe.
 23959 | Snake:2  | Found Rebay's Weapon Emporium.
 25080 | Snake:3  | Reached skill level 17 in Fighting
 25793 | Shoals:1 | Entered Level 1 of the Shoals
 26706 | Shoals:2 | Received a gift from Okawaru
 27086 | Shoals:2 | Noticed Polyphemus
 27104 | Shoals:2 | Killed Polyphemus
 27357 | Shoals:2 | Reached skill level 18 in Fighting
 28279 | Shoals:3 | Reached XP level 20. HP: 130/136 MP: 26/26
 28985 | Shoals:4 | Entered Level 4 of the Shoals
 29089 | Shoals:4 | Noticed Ilsuiw
 29287 | Shoals:3 | Killed Ilsuiw
 29673 | Shoals:4 | Received a gift from Okawaru
 29719 | Shoals:4 | Reached skill level 19 in Fighting
 29819 | Shoals:4 | Noticed Nikola
 29844 | Shoals:4 | Killed Nikola
 30169 | Shoals:4 | Got a barnacled rune of Zot
 30630 | Shoals:4 | Gained mutation: You regenerate slowly when monsters are visible. [potion of mutation]
 30630 | Shoals:4 | Lost mutation: You possess an exceptional clarity of mind. [potion of mutation]
 30630 | Shoals:4 | Gained mutation: You are frail (-10% HP). [potion of mutation]
 30631 | Shoals:4 | Gained mutation: Your muscles are strong. (Str +2) [potion of mutation]
 30631 | Shoals:4 | Gained mutation: Your mind is acute. (Int +2) [potion of mutation]
 30631 | Shoals:4 | Gained mutation: You tend to lose your temper in combat. [potion of mutation]
 30632 | Shoals:4 | Lost mutation: Your muscles are strong. (Str +2) [potion of cure mutation]
 30632 | Shoals:4 | Lost mutation: Your mind is acute. (Int +2) [potion of cure mutation]
 30632 | Shoals:4 | Lost mutation: You tend to lose your temper in combat. [potion of cure mutation]
 30632 | Shoals:4 | Lost mutation: You regenerate slowly when monsters are visible. [potion of cure mutation]
 31148 | D:11     | Received a gift from Okawaru
 32050 | D:12     | Found Tailekem's Assorted Antiques.
 32094 | D:12     | Bought a potion of cure mutation for 750 gold pieces
 32094 | D:12     | Lost mutation: You are frail (-10% HP). [potion of cure mutation]
 32301 | D:12     | Found a shimmering altar of Xom.
 32851 | D:13     | Found a gate to the Vaults.
 34110 | D:14     | Reached skill level 20 in Fighting
 34156 | D:14     | Found a sparkling altar of Nemelex Xobeh.
 34193 | D:14     | Received a gift from Okawaru
 34414 | D:14     | Reached XP level 21. HP: 146/146 MP: 27/27
 34723 | D:15     | Entered Level 15 of the Dungeon
 34849 | D:15     | Noticed Louise
 34876 | D:15     | Killed Louise
 34937 | D:15     | Found a staircase to the Depths.
 35051 | D:15     | Found a glowing silver altar of Zin.
 35341 | D:15     | Found an oddly glowing altar of Pakellas.
 35568 | D:15     | Found a sacrificial altar of Ru.
 36242 | Snake:4  | Entered Level 4 of the Snake Pit
 37071 | Snake:4  | Got a serpentine rune of Zot
 37344 | Snake:1  | Received a gift from Okawaru
 37351 | Snake:1  | Got an ichor-stained cloak {god gift}
 37364 | Snake:1  | Identified the +0 cloak of Prudence {rC+ Dex+4} (Okawaru gifted it to you on level 1 of the Snake Pit)
 37766 | Vaults:1 | Entered Level 1 of the Vaults
 37882 | Vaults:1 | Reached skill level 21 in Fighting
 38841 | Vaults:1 | Cast into level 2 of the Abyss (an ogre mage)
 38955 | Abyss:2  | Noticed a bone dragon
 39112 | Abyss:2  | Noticed a bone dragon
 39132 | Abyss:2  | Killed a bone dragon
 39272 | Abyss:2  | Noticed a bone dragon
 39295 | Abyss:2  | Killed a bone dragon
 39295 | Abyss:2  | Reached XP level 22. HP: 133/155 MP: 19/28
 39524 | Abyss:3  | Paralysed by accursed screaming for 1 turns
 39531 | Abyss:3  | Paralysed by accursed screaming for 2 turns
 39552 | Abyss:3  | Paralysed by accursed screaming for 1 turns
 39779 | Abyss:4  | Killed from afar by a blizzard demon

Vault maps used:
D:1:      lightli_arrival_farm, minmay_misc_feat_square, kennysheep_nondescript,
          hangedman_decor_lopped
D:2:      cheibriados_altar_1, old_standard_altar, first_bread, fedhas_altar_4,
          uniq_terence
D:3:      nicolae_overflow_crystal_walls, grunt_ministairs_5, uniq_sigmund
D:4:      xom_confusion_cloud
D:5:      uniq_duvessa
D:6:      nicolae_overflow_quartered_altars, lemuel_coloured_pillars_altar,
          kennysheep_decorative_pillar, uniq_pikel
D:7:      minmay_temple_entry_nine_rooms, grunt_ogre_cave, nrook_pool_corridor,
          uniq_crazy_yiuf_cottage, uniq_prince_ribbit1
D:8:      minitemple, lair_0_dummy, uniq_gastronok, uniq_grum
D:9:      due_megacathedral, lemuel_crystal_altar, zombieorc2_lemuel,
          serial_shops, shop, zaba_antful_of_joy
D:10:     uniq_erica
D:11:     minmay_lizard_king
D:12:     serial_shops, shop_statue, basic_altar, minmay_misc_feat_plants,
          minmay_orc_keep
D:13:     erik_vaults_2, nicolae_two_hexagons
D:14:     kennysheep_flooded_box, hangedman_decor_peaks_small,
          roderic_roman_lattice
D:15:     hangedman_depths_entry_civil_slaughter,
          nicolae_ru_the_path_less_chosen, basic_altar, minmay_variable_closet,
          grunt_pakellas_sulfur, uniq_louise
Temple:   nicolae_temple_great_sept
Lair:1:   st_stairs_8
Lair:2:   dpeg_oklob_shooting_range, uniq_urug
Lair:3:   lab_entry_generic, beast_lair_carwin_6, uniq_nergalle
Lair:4:   lemuel_fruit_tree
Lair:5:   lemuel_oklob_altar
Lair:6:   minmay_shoals_entry_centaurs, minmay_snake_entry_guardpost_medium,
          nicolae_lair_grove_arrangements, lemuel_fruit_fields
Lair:7:   minmay_slime_entry_pillars, grunt_megastairs_5, uniq_nessos
Lair:8:   evilmike_catoblepas_cave
Shoals:2: nicolae_shoals_arrival_archipelago, uniq_polyphemus
Shoals:4: shoals_end_grunt_garden, shoal_ilsuiw, uniq_nikola, uniq_jorgrun
Snake:1:  uniq_aizul, uniq_donald
Snake:2:  serial_shops, shop, shop, nicolae_shop_crystal, shop,
          nicolae_snake_linked_coils, serial_bayou_shore_b
Snake:3:  special_room
Snake:4:  snake_pit
Orc:1:    serial_shops, nicolae_shop_competitors_out_of_business,
          nicolae_shop_competitors_out_of_business, enter_bailey_3,
          nicolae_alphabet_shops
Orc:2:    grunt_orc_gardens, grunt_orc_garden, grunt_orc_garden,
          grunt_orc_garden, grunt_orc_garden, nicolae_orc_flooded_monolith,
          okawaru_metal_pillars_1_2
Vaults:1: nicolae_vaults_ninety_degrees,
          vaults_standard_mumra_enter_the_diamond, dpeg_vaults_waves,
          ontoclasm_vaults_shuriken, nicolae_vaults_little_squares_2,
          hangedman_vaults_cutoff, v_alt_pattern_3, v_pattern_5,
          v_alt_pattern_5, v_misc_8, hangedman_vaults_slice,
          serial_hangedman_research, hangedman_research_toxicology,
          hangedman_research_pyrotechnics, hangedman_research_geology,
          hangedman_research_electronics, hangedman_research_metamorphosis
Abyss:2:  evilmike_abyss_exit_9
Abyss:3:  evilmike_abyss_exit_16
Abyss:4:  grunt_abyss_rune_the_horror, bh_abyss_exit_grid, abyss_greek_temple
Lab:      nicolae_lab_dead_adventurers, nicolae_lab_grate, labyrinth_glass_2
Bailey:   bailey_axe_minmay_hex_keep, bailey

Action                   |  1- 3 |  4- 6 |  7- 9 | 10-12 | 13-15 | 16-18 | 19-21 | 22-24 || total
-------------------------+-------+-------+-------+-------+-------+-------+-------+-------++-------
Melee: Flail             |   149 |   177 |   285 |   760 |  1113 |   416 |  2777 |   122 ||  5799
       Whip              |       |       |    31 |       |       |       |       |       ||    31
Throw: Throwing net      |       |       |       |       |       |       |     1 |       ||     1
Invok: Heroism           |       |       |       |    12 |    10 |     8 |    14 |     1 ||    45
       Finesse           |       |       |       |       |     8 |     8 |    14 |     1 ||    31
 Abil: Fly               |       |       |       |       |       |     1 |       |       ||     1
Evoke: Wand              |       |       |       |     1 |       |       |     6 |     7 ||    14
  Use: Scroll            |     3 |     4 |     9 |    10 |    16 |     2 |    14 |     3 ||    61
       Potion            |       |     2 |     1 |       |     3 |     2 |    12 |     2 ||    22
 Stab: Petrified         |       |       |       |       |     2 |       |       |       ||     2
  Eat: Chunk             |     3 |     5 |    16 |    30 |    26 |    12 |    54 |       ||   146
       Meat ration       |       |       |     1 |       |       |       |     2 |       ||     3
       Bread ration      |       |       |       |       |       |       |     1 |       ||     1
